 Dungeon Crawl Stone Soup version 0.26.1-11-gd32895ea62 (webtiles) character file.

Game seed: 16610824002032307132

387 McKennaii the Conjurer (level 6, 0/32 HPs)
             Began as a Deep Elf Conjurer on May 16, 2021.
             Slain by a centaur (3 damage)
             ... on level 4 of the Dungeon.
             The game lasted 00:04:10 (4221 turns).

McKennaii the Conjurer (Deep Elf Conjurer)          Turns: 4221, Time: 00:04:11

Health: 0/32       AC:  2    Str:  4    XL:     6   Next: 49%
Magic:  4/16       EV: 13    Int: 25    God:
Gold:   275        SH:  0    Dex: 13    Spells: 15/16 levels left

rFire    . . .     SeeInvis .   (no weapon)
rCold    . . .     Faith    .   (no shield)
rNeg     . . .     Spirit   .   a - +0 robe
rPois    .         Reflect  .   (no helmet)
rElec    .         Harm     .   (no cloak)
rCorr    .         Rampage  .   (no gloves)
Will     .....                  (no boots)
Stlth    ++........             n - amulet of the acrobat
HPRegen  0.10/turn              (no ring)
MPRegen  0.15/turn              (no ring)

@: no status effects
A: no striking features
a: no special abilities


You were on level 4 of the Dungeon.
You visited 1 branch of the dungeon, and saw 4 of its levels.

You collected 275 gold pieces.

Inventory:

Armour
 a - a +0 robe (worn)
Jewellery
 n - an amulet of the acrobat (around neck)
Scrolls
 c - a scroll of random uselessness {unknown}
 d - a scroll of amnesia {unknown}
 e - a scroll of magic mapping {unknown}
 f - 2 scrolls of teleportation {unknown}
 g - 3 scrolls of identify {unknown}
 h - a scroll of noise {unknown}
 k - 4 scrolls of enchant weapon {unknown}
 l - 3 scrolls of remove curse {unknown}
Potions
 i - 2 potions of brilliance {unknown}
 j - a potion of resistance {unknown}
 m - a potion of attraction {unknown}


   Skills:
 + Level 0.1 Fighting
 + Level 2.6 Dodging
 + Level 3.2 Stealth
 * Level 5.7 Spellcasting
 * Level 7.2 Conjurations


You had 15 spell levels left.
You knew the following spells:

 Your Spells              Type           Power        Failure   Level
a - Magic Dart            Conj           100%         1%          1

Your spell library contained the following spells:

 Spells                   Type           Power        Failure   Level
 Searing Ray              Conj           86%          1%          2
 Dazzling Flash           Conj/Hex       50%          5%          3
 Fulminant Prism          Conj/Hex       12%          17%         4
 Iskenderun's Mystic Bla  Conj/Tloc      25%          17%         4


Dungeon Overview and Level Annotations

Branches:
Dungeon (4/15)
 Temple: D:4-7

Altars:

Annotations:
D:4 Dowan


Message History

Unknown command.
Casting: Magic Dart (safe; 1% risk of failure)
Confirm with . or Enter, or press ? or * to list all spells.
Aiming: Magic Dart (safe; 1% risk of failure)
Press: ? - help, Shift-Dir - straight line, f/p - centaur
Aim: a centaur, wearing a +0 barding and quivering 11 arrows (heavily wounded, 0% to evade)
The magic dart hits the centaur.
The centaur is heavily wounded.
The centaur misses you.
Unknown command.
Unknown command.
Casting: Magic Dart (safe; 1% risk of failure)
Confirm with . or Enter, or press ? or * to list all spells.
Aiming: Magic Dart (safe; 1% risk of failure)
Press: ? - help, Shift-Dir - straight line, f/p - centaur
Aim: a centaur, wearing a +0 barding and quivering 11 arrows (heavily wounded, 0% to evade)
The magic dart hits the centaur.
The centaur is heavily wounded.
The centaur barely misses you. The centaur hits you.
You die...

...r######[[...#..>......# #.....
)...oco..<...............# #.....
....######...............###.....
.... #.c....#.................
#.. ##.................##...[.
##..####.......#.................
............................#####
.........########c..........#
.#.##......#....@)..........#
.....[.......###............#
...#.<...#......(###.........# ..
#.##.########## #..........#
.###.##.# ##+##....#..
..##.##.### ##### #...##.
...#.##...####...# #.... )#.(.
###......### #... ...## #....####
#>.


You could see a centaur.

Vanquished Creatures
  Duvessa (D:4)
  An ogre (D:4)
  An iguana (D:4)
  An orc wizard (D:4)
  5 adders
  An ooze (D:1)
  An adder skeleton (D:4)
  A worm (D:4)
  6 dart slugs
  4 leopard geckos
  9 orcs
  2 giant cockroaches
  4 goblins
  6 hobgoblins
  5 jackals
  3 quokkas
  A ball python (D:3)
  8 bats
  6 kobolds
  6 rats
72 creatures vanquished.

Notes
Turn   | Place    | Note
-------+----------+-------------------------------------------
     0 | D:1      | McKennaii the Deep Elf Conjurer began the quest for the
                  | Orb.
     0 | D:1      | Reached XP level 1. HP: 10/10 MP: 6/6
   218 | D:1      | Reached XP level 2. HP: 15/15 MP: 5/8
   258 | D:1      | Reached skill level 5 in Conjurations
   766 | D:2      | Reached XP level 3. HP: 19/19 MP: 6/9
  1845 | D:3      | Reached XP level 4. HP: 18/24 MP: 6/11
  2308 | D:3      | Reached skill level 6 in Conjurations
  2861 | D:4      | Noticed an ogre
  2868 | D:4      | Killed an ogre
  2869 | D:4      | Reached XP level 5. HP: 28/28 MP: 4/13
  3208 | D:4      | Noticed Duvessa
  3210 | D:4      | Noticed Dowan
  3380 | D:4      | Killed Duvessa
  3381 | D:4      | Reached skill level 5 in Spellcasting
  3381 | D:4      | Reached skill level 7 in Conjurations
  3381 | D:4      | Reached XP level 6. HP: 21/32 MP: 6/15
  4221 | D:4      | Slain by a centaur

Illustrated notes

Levels and vault maps discovered:
D:1:      dpeg_arrival_short_road, layout_rooms, st_stairs_3
D:2:      layout_loops_ring, kennysheep_cluttered_room,
          kennysheep_generic_room_6
D:3:      layout_basic, hex_intersection, roderic_lattice_a,
          hangedman_decor_lopped
D:4:      layout_rooms, dk_noncrumbling_4, grunt_ministairs_15, trog_wizard,
          uniq_duvessa

Skill      XL: |  1  2  3  4  5 |
---------------+----------------+-----
Conjurations   | 5 6 7 |  7.2
Stealth        | 3 |  3.2
Spellcasting   | 4 5 |  5.7
Fighting       | |  0.1
Dodging        | |  2.6

Action                   |  1- 3 |  4- 6 || total
-------------------------+-------+-------++-------
 Cast: Magic Dart        |    69 |   133 ||   202
  Use: Scroll            |       |     1 ||     1
       Potion            |       |     1 ||     1
Armor: Robe              |       |     5 ||     5
Dodge: Dodged            |     1 |    16 ||    17
